 Dungeon Crawl Stone Soup version 0.29-a0-371-g91724d5b39 (webtiles) character file.

Game seed: 6165140502441488950

3200 bande the Cleaver (level 9, -12/60 HPs)
             Began as a Gargoyle Fighter on May 2, 2022.
             Was a Priest of Okawaru.
             Mangled by a large slime creature (29 damage)
             ... on level 8 of the Dungeon.
             The game lasted 00:14:00 (8064 turns).

bande the Cleaver (Gargoyle Fighter)                Turns: 8064, Time: 00:14:00

Health: -12/60     AC: 21    Str: 19    XL:     9   Next: 96%
Magic:  12/12      EV:  5    Int: 10    God:    Okawaru [***...]
Gold:   384        SH:  5    Dex: 13    Spells: 8/8 levels left

rFire   + . .      SeeInvis .   a - +1 war axe (vorpal)
rCold   + . .      Faith    .   c - +0 buckler
rNeg    + . .      Spirit   .   o - +0 plate armour
rPois   ∞          Reflect  .   k - +2 hat
rElec   +          Harm     .   (no cloak)
rCorr   .          Rampage  .   (no gloves)
Will    .....                   (no boots)
Stlth   ..........              (no amulet)
HPRegen 0.20/turn               (no ring)
MPRegen 0.13/turn               (no ring)

@: no status effects
A: sickness immunity, AC +6, negative energy resistance 1, electricity
resistance, torment resistance 1, petrification resistance, cold resistance 1,
fire resistance 1, robust 1
a: Renounce Religion, Heroism


You were on level 8 of the Dungeon.
You worshipped Okawaru.
Okawaru was most pleased with you.
You visited 1 branch of the dungeon, and saw 8 of its levels.
You also visited: Ossuary.

You collected 384 gold pieces.

Inventory:

Hand Weapons
 a - a +1 vorpal war axe (weapon)
 y - a +1 scimitar of flaming
Armour
 c - a +0 buckler (worn)
 k - a +2 hat (worn)
 o - a +0 plate armour (worn)
 q - a +1 helmet
Jewellery
 e - an amulet of reflection
 u - a ring of fire
Wands
 g - a wand of iceblast (14)
 v - a wand of flame (33)
Scrolls
 b - 2 scrolls of teleportation
 d - a scroll of enchant armour
 f - a scroll of enchant weapon
 h - 2 scrolls of fear
 m - a scroll of brand weapon
 x - a scroll of fog
 z - 2 scrolls of magic mapping
Potions
 i - 2 potions of flight {unknown}
 j - 9 potions of curing
 l - 2 potions of haste {unknown}
 n - a potion of magic {unknown}
 p - 2 potions of resistance
 r - 3 potions of might
 s - a potion of ambrosia {unknown}
 t - a potion of mutation
 w - a potion of heal wounds


   Skills:
 + Level 6.2 Fighting
 + Level 8.6 Axes
 + Level 6.2 Armour
 - Level 0.4 Stealth
 + Level 5.2 Shields
 * Level 4.6 Invocations
 * Level 3.7 Evocations


You had 8 spell levels left.
You didn't know any spells.
Your spell library contained the following spells:

 Spells                   Type           Power      Damage    Failure   Level
 Apportation              Tloc           0%         N/A       100%        1
 Animate Skeleton         Necr           Unusable   N/A       N/A         1
 Summon Small Mammal      Summ           Unusable   N/A       N/A         1

Dungeon Overview and Level Annotations

Branches:
Dungeon (8/15)             Temple (0/1) D:7         Ossuary (visited)
   Lair: D:8-11

Altars:
Gozag
Hepliaklqana
Nemelex Xobeh
Okawaru
Qazlal
Ru
Uskayaw
Wu Jian
Xom
The Shining One

Annotations:
D:6 1 runed translucent door, RandomusNamus's ghost, novice MiCA


Innate Abilities, Weirdness & Mutations

You are immune to sickness and miasma.
Your stone body is resilient. (AC +6)
You are immune to poison.
You resist negative energy. (rN+)
You are resistant to electric shocks. (rElec)
You are resistant to unholy torment.
You are immune to petrification.
Your flesh is cold resistant. (rC+)
Your flesh is heat resistant. (rF+)
You are robust. (+10% HP)


Message History

The water moccasin is almost dead.
The water moccasin bites you but does no damage.
The water moccasin barely misses you.
You closely miss the water moccasin.
The water moccasin is almost dead.
You block the water moccasin's attack.
You closely miss the water moccasin.
The water moccasin is almost dead.
The water moccasin bites you.
The water moccasin bites you but does no damage.
You slash the water moccasin!
You kill the water moccasin!
Okawaru accepts your kill.
No target in view!
No target in view!
No target in view!
No target in view!
HP restored.
i - 2 silvery potions (gained 1) 2 slime creatures come into view.
The slime creature quivers. x2
There are monsters nearby!
You slash the slime creature!
The slime creature is lightly wounded.
The slime creature hits you but does no damage.
Two slime creatures merge to form a large slime creature.
You slash the large slime creature!
The large slime creature is moderately wounded.
You slash the large slime creature!
The large slime creature is moderately wounded.
You slash the large slime creature!
The large slime creature is heavily wounded.
The large slime creature hits you!
The large slime creature attacks as you move away!
The large slime creature hits you!!
* * * LOW HITPOINT WARNING * * *
You hit the large slime creature.
The large slime creature is heavily wounded.
The large slime creature hits you!!
You die...

#...######.#####....#
#..........#.....##.# ##
###.#..#####.##.## #
#...[.>#..#.....##†....#
#.######..#.######..####
#. ..#.# ...# #. ..#.#
#..# #.#########.# ##.#
#.....J@....# .#
############# .#


You could see a large slime creature.

Vanquished Creatures
  Maggie (D:7)
  3 slime creatures (D:7)
  Sigmund (D:4)
  A steam dragon (D:7)
  Menkaure (D:4)
  2 water moccasins
  An ice beast (D:5)
  A sky beast (D:7)
  A black bear (D:5)
  A centaur (D:7)
  2 phantoms
  2 kobold brigands
  A bullfrog (D:3)
  4 scorpions
  A howler monkey (D:4)
  4 hounds
  2 human zombies (Ossuary)
  2 jellies
  An orc priest (D:6)
  4 iguanas
  5 orc wizards
  5 mummies
  Robin (D:3)
  8 adders
  A white imp (D:6)
  2 worms
  3 dart slugs
  19 orcs
  5 ball pythons
  7 endoplasms
  4 giant cockroaches
  15 goblins
  9 hobgoblins
  3 jackals (D:4)
  11 kobolds
  3 quokkas
  3 bats
  2 frilled lizards
  2 goblin zombies
  2 hobgoblin zombies
  3 kobold zombies (Ossuary)
  An orc zombie (Ossuary)
  7 rats
157 creatures vanquished.

Vanquished Creatures (others)
  A goblin (D:3)
  2 withered plants (D:6)
3 creatures vanquished.

Grand Total: 160 creatures vanquished

Notes
Turn   | Place    | Note
-------+----------+-------------------------------------------
     0 | D:1      | bande the Gargoyle Fighter began the quest for the Orb.
     0 | D:1      | Reached XP level 1. HP: 14/14 MP: 1/1
   227 | D:1      | Reached XP level 2. HP: 19/19 MP: 2/2
   497 | D:1      | Reached skill level 2 in Axes
   643 | D:1      | Reached XP level 3. HP: 23/23 MP: 3/3
  1043 | D:2      | Found a faded altar of an unknown god.
  1246 | D:2      | You fall into a shaft and drop 2 floors!
  1298 | D:3      | Noticed a bullfrog
  1298 | D:3      | Noticed Robin
  1306 | D:3      | Killed Robin
  1306 | D:3      | Killed a bullfrog
  1307 | D:3      | Reached skill level 3 in Axes
  1307 | D:3      | Reached XP level 4. HP: 23/29 MP: 4/4
  1307 | D:3      | Reached XP level 5. HP: 26/33 MP: 5/5
  1396 | D:3      | Reached skill level 4 in Axes
  1795 | D:2      | Found a glowing golden altar of the Shining One.
  2587 | D:3      | Reached XP level 6. HP: 38/38 MP: 6/6
  3072 | D:4      | Reached skill level 5 in Axes
  3119 | D:4      | Noticed Sigmund
  3327 | D:4      | Killed Sigmund
  3328 | D:4      | Reached XP level 7. HP: 44/44 MP: 7/7
  3416 | D:4      | Noticed Menkaure
  3426 | D:4      | Killed Menkaure
  3529 | D:4      | Found an iron altar of Okawaru.
  3538 | D:4      | Became a worshipper of Warmaster Okawaru
  3714 | D:4      | Reached skill level 6 in Axes
  3754 | D:4      | Reached skill level 5 in Fighting
  3833 | D:4      | Found a sacrificial altar of Ru.
  3843 | D:4      | Reached skill level 1 in Invocations
  3843 | D:4      | Reached XP level 8. HP: 33/49 MP: 8/8
  3944 | D:4      | Found an ornate altar of the Wu Jian Council.
  3944 | D:4      | Found a hazy altar of Hepliaklqana.
  3947 | D:4      | Found a shimmering altar of Xom.
  3949 | D:4      | Found a hide-covered altar of Uskayaw.
  3984 | D:4      | Reached skill level 1 in Evocations
  4240 | D:5      | Entered Level 5 of the Dungeon
  4257 | D:5      | Reached skill level 5 in Armour
  4276 | D:5      | Found a sand-covered staircase.
  4282 | Ossuary  | Entered an ossuary
  4877 | D:5      | Reached * piety under Okawaru
  5324 | D:5      | Found a sparkling altar of Nemelex Xobeh.
  5324 | D:5      | Found an opulent altar of Gozag.
  5382 | D:6      | Gained mutation: Your body sometimes deteriorates upon
                  | taking damage. [potion of mutation]
  5382 | D:6      | Gained mutation: You have hidden genetic potential. [potion
                  | of mutation]
  5383 | D:6      | Lost mutation: You have hidden genetic potential. [potion
                  | of mutation]
  5383 | D:6      | Lost mutation: Your body sometimes deteriorates upon taking
                  | damage. [potion of mutation]
  5383 | D:6      | Gained mutation: Your flesh is cold resistant. (rC+)
                  | [potion of mutation]
  5383 | D:6      | Gained mutation: Your flesh is heat resistant. (rF+)
                  | [potion of mutation]
  5383 | D:6      | Gained mutation: You are robust. (+10% HP) [potion of
                  | mutation]
  5439 | D:6      | Reached skill level 7 in Axes
  5515 | D:6      | Found a runed translucent door.
  5515 | D:6      | Noticed RandomusNamus's ghost (novice MiCA)
  5913 | D:6      | Found a stormy altar of Qazlal.
  6227 | D:6      | Reached XP level 9. HP: 41/59 MP: 11/11
  6834 | D:7      | Found a staircase to the Ecumenical Temple.
  7025 | D:7      | Reached ** piety under Okawaru
  7150 | D:7      | Reached skill level 5 in Shields
  7259 | D:7      | Noticed Maggie
  7274 | D:7      | Killed Maggie
  7275 | D:7      | Reached skill level 8 in Axes
  7582 | D:7      | Reached *** piety under Okawaru
  8064 | D:8      | Mangled by a large slime creature

Illustrated notes

Levels and vault maps discovered:
D:1:      minmay_arrival_four_circles, layout_loops_ring
D:2:      layout_basic, hellmonk_ecumenical_altar_pennies_from_heaven,
          basic_altar
D:3:      layout_rooms, solitary_fountain, minmay_diced_spiral, uniq_robin
D:4:      layout_gridville, okawaru_gym_becter, minitemple, abandoned_shop,
          st_stairs_12, chequers_serial_rivers_small_3, uniq_sigmund,
          uniq_menkaure
D:5:      layout_rooms, grunt_temple_overflow_opulence,
          nicolae_ossuary_entry_giza
D:6:      layout_basic, grunt_qazlal_clouds, gammafunk_ghost_grave
D:7:      layout_gridville, temple_statues, uniq_maggie
D:8:      layout_basic, gammafunk_ghost_hydra_chop, uniq_pikel

Skill      XL: |  1  2  3  4  5  6  7  8  9 |
---------------+----------------------------+-----
Axes           | 2 3 4 5 6 7 8 |  8.6
Armour         | 4 5 6 |  6.2
Shields        | 4 5 |  5.2
Fighting       | 4 5 6 |  6.2
Invocations    | 1 3 4 |  4.6
Evocations     | 2 3 |  3.7
Stealth        | |  0.4

Action                   |  1- 3 |  4- 6 |  7- 9 || total
-------------------------+-------+-------+-------++-------
Melee: War axe           |    74 |   123 |   289 ||   486
  Use: Scroll            |     2 |     9 |     8 ||    19
       Potion            |     1 |     1 |     2 ||     4
Armor: Chain mail        |    52 |    46 |       ||    98
       Scale mail        |     2 |       |       ||     2
       Plate armour      |       |    50 |   216 ||   266
Dodge: Dodged            |    29 |    44 |    52 ||   125
Block: Buckler           |    17 |    26 |    64 ||   107

Table legend: (Time is in decaauts)
 A = Elapsed time spent in this place.
 B = Non-inter-level travel time spent in this place.
 C = Inter-level travel time spent in this place.
 D = Time resting spent in this place.
 E = Time spent auto-exploring this place.
 F = Levels seen in this place.
 G = Mean time per level.
                   A        B        C        D        E       F      G
               +--------+--------+--------+--------+--------+-----+--------+
         Total |   8199 |   8114 |     85 |   1224 |   5104 |   9 |  911.0 |
       Dungeon |   7793 |   7708 |     85 |   1224 |   4881 |   8 |  974.1 |
       Ossuary |    405 |    405 |      0 |      0 |    223 |   1 |  405.0 |
               +--------+--------+--------+--------+--------+-----+--------+

Top non-repeatable levels by time:
     D:7: 1274 daAuts
     D:6: 1239 daAuts
     D:4: 1180 daAuts
     D:2: 1085 daAuts
     D:1: 1072 daAuts
     D:3: 991 daAuts
     D:5: 746 daAuts
 Ossuary: 405 daAuts
     D:8: 203 daAuts
